 Dungeon Crawl Stone Soup version 0.27.1-3-gb3d3a73c9e (webtiles) character file.

Game seed: 4788194881272144360

73 belegose the Skirmisher (level 4, -6/37 HPs)
             Began as a Merfolk Abyssal Knight on Oct 22, 2021.
             Was a Believer of Lugonu.
             Killed from afar by Ijyb (8 damage)
             ... with a puff of flame
             ... on level 3 of the Dungeon.
             The game lasted 00:05:55 (2667 turns).

belegose the Skirmisher (Merfolk Abyssal Knight)    Turns: 2667, Time: 00:05:56

Health: -6/37      AC:  3    Str: 10 (13) XL:     4   Next: 27%
Magic:  5/5        EV:  9    Int: 10 (11) God:    Lugonu [**....]
Gold:   166        SH:  6    Dex: 11 (13) Spells: 3/3 levels left

rFire    . . .     SeeInvis .   a - +1 falchion
rCold    . . .     Faith    .   k - +0 kite shield
rNeg     . . .     Spirit   .   e - +0 leather armour
rPois    +         Reflect  .   (no helmet)
rElec    .         Harm     .   (no cloak)
rCorr    .         Rampage  .   (no gloves)
Will     .....                  (no boots)
Stlth    +.........             (no amulet)
HPRegen  0.12/turn              g - ring of poison resistance
MPRegen  0.09/turn              (no ring)

@: flying, hasted, very quick
A: (nimble swimmer 2), mertail
a: Renounce Religion, Depart the Abyss, Bend Space


You were on level 3 of the Dungeon.
You worshipped Lugonu.
Lugonu was pleased with you.
You visited 1 branch of the dungeon, and saw 3 of its levels.
You visited the Abyss 1 time.

You collected 166 gold pieces.

Inventory:

Hand Weapons
 a - a +1 falchion (weapon)
 b - a +0 trident
Missiles
 c - 103 stones
 m - 8 boomerangs
Armour
 e - a +0 leather armour (worn)
 i - a +0 ring mail
 k - a +0 kite shield (worn)
 p - a +0 scale mail
Jewellery
 g - a ring of poison resistance (left hand)
Scrolls
 d - 2 scrolls of teleportation {unknown}
 f - a scroll of torment {unknown}
 h - a scroll of magic mapping {unknown}
 q - a scroll of identify {unknown}
Potions
 l - a potion of curing
 o - a potion of haste


   Skills:
 + Level 3.7 Fighting
 - Level 2.3 Long Blades
 + Level 1.6 Polearms
 + Level 1.0 Throwing
 - Level 0.6 Armour
 + Level 3.4 Dodging
 + Level 1.6 Stealth
 + Level 0.2 Shields
 + Level 2.6 Invocations


You had 3 spell levels left.
You didn't know any spells.
Your spell library contained the following spells:

 Spells                   Type           Power      Damage    Failure   Level
 Slow                     Hex            0%         N/A       99%         2
 Confusing Touch          Hex            0%         N/A       100%        3
 Leda's Liquefaction      Hex/Erth       0%         N/A       100%        4
 Bolt of Magma            Conj/Fire/Erth 0%         4d4       100%        5
 Yara's Violent Unravell  Hex/Tmut       0%         3d3       100%        5
 Statue Form              Tmut/Erth      0%         N/A       100%        6


Dungeon Overview and Level Annotations

Branches:
Dungeon (3/15)

Altars:

Annotations:
D:3 Ijyb


Innate Abilities, Weirdness & Mutations

((You are quick and stealthy near water. (Stealth+, EV+, Speed+++)))
Your lower body shifts to a powerful aquatic tail in water.


Message History

Unknown command.
You closely miss Ijyb. Ijyb screams, "Me kill you!"
Ijyb hits you with a +0 club.
* * * LOW HITPOINT WARNING * * *
Ijyb hits you but does no damage.
Unknown command.
You barely miss Ijyb. You block Ijyb's attack.
It was a potion of curing.
You feel better. Ijyb hits you with a +0 club.
It was a potion of haste.
You feel yourself speed up. Ijyb hits you with a +0 club.
You closely miss Ijyb.
Ijyb zaps a wand.
The puff of flame hits you!
* * * LOW HITPOINT WARNING * * *
It was a potion of degeneration.
There was something very wrong with that liquid.
You feel weakened.
You feel dopey.
You feel clumsy. Ijyb barely misses you.
It was a potion of flight.
You feel very buoyant.
You fly up into the air.
Ijyb hits you with a +0 club.
* * * LOW HITPOINT WARNING * * *
Okay, then.
You aren't carrying any items that you can evoke without wielding.
Unknown command.
You closely miss Ijyb. Ijyb hits you but does no damage.
Unknown command.
You barely miss Ijyb. Ijyb hits you but does no damage.
Unknown command.
You hit Ijyb.
Ijyb is lightly wounded.
You block Ijyb's attack.
Unknown command.
You closely miss Ijyb.
Ijyb is lightly wounded.
Ijyb closely misses you.
Unknown command.
You hit Ijyb.
Ijyb is moderately wounded.
Ijyb zaps a wand.
The puff of flame hits you!
You die...

#.# #.# #.# #.# #.#
#####.## ###
.......#########.##
.###>.............#
........###..###@##
####.....###.# #g#
#..##............
#..##...####+####
....###.## ####+#
#.# #.#


You could see Ijyb.

Vanquished Creatures
  2 adders (D:2)
  A dart slug (D:1)
  2 orcs
  4 bats
  5 endoplasms
  A giant cockroach (D:2)
  6 goblins
  7 hobgoblins
  3 jackals (D:2)
  8 ball pythons
  3 frilled lizards
  2 kobolds
  4 rats
48 creatures vanquished.

Notes
Turn   | Place    | Note
-------+----------+-------------------------------------------
     0 | Abyss:1  | belegose the Merfolk Abyssal Knight began the quest for the
                  | Orb.
     0 | Abyss:1  | Reached XP level 1. HP: 18/18 MP: 2/2
     2 | Abyss:1  | Found a corrupted altar of Lugonu.
    65 | Abyss:1  | Noticed a small abomination
    68 | Abyss:2  | Noticed a starcursed mass
    68 | Abyss:2  | Noticed an apocalypse crab
    68 | Abyss:2  | Found a corrupted altar of Lugonu.
    69 | D:1      | Escaped the Abyss
   179 | D:1      | Reached * piety under Lugonu
   217 | D:1      | Reached XP level 2. HP: 24/24 MP: 3/3
   288 | D:1      | Found a faded altar of an unknown god.
   385 | D:1      | Reached skill level 1 in Stealth
   589 | D:1      | Reached XP level 3. HP: 29/29 MP: 4/4
   769 | D:2      | Reached skill level 1 in Polearms
  1401 | D:2      | Reached ** piety under Lugonu
  1679 | D:2      | Reached XP level 4. HP: 37/37 MP: 5/5
  1883 | D:2      | Reached skill level 1 in Throwing
  2646 | D:3      | Noticed Ijyb
  2662 | D:3      | HP: 1/37 [Ijyb (2)]
  2667 | D:3      | Killed from afar by Ijyb

Illustrated notes

Levels and vault maps discovered:
D:1:      psy_arrival_terrarium, layout_basic,
          hellmonk_ecumenical_altar_pennies_from_heaven, minmay_small_reverse_x
D:2:      layout_loops_ring
D:3:      layout_loops_corners, grunt_ministairs_12, minmay_quadrilaterals,
          uniq_ijyb

Skill      XL: |  1  2  3  4 |
---------------+-------------+-----
Stealth        | 1 |  1.6
Dodging        | 3 |  3.4
Polearms       | 1 |  1.6
Throwing       | 1 |  1.0
Fighting       | |  3.7
Long Blades    | |  2.3
Armour         | |  0.6
Shields        | |  0.2
Invocations    | |  2.6

Action                   |  1- 3 |  4- 6 || total
-------------------------+-------+-------++-------
Melee: Falchion          |    24 |    11 ||    35
       Trident           |    76 |    47 ||   123
Invok: Depart the Abyss  |     1 |       ||     1
  Use: Potion            |       |     4 ||     4
 Stab: Sleeping          |     1 |     2 ||     3
Armor: Leather armour    |    23 |    13 ||    36
Dodge: Dodged            |    52 |    25 ||    77
Block: Kite shield       |     7 |    23 ||    30
       Rpst.: Falchion   |     4 |       ||     4
